 Dungeon Crawl Stone Soup version 0.29.0-5-ge4962eb29e (webtiles) character file.

Game seed: 4177829429886358683

5 freelancePsychic the Magician (level 2, 0/22 HPs)
             Began as a Meteoran Hedge Wizard on Aug 30, 2022.
             Was a Follower of Qazlal.
             Slain by a quokka (1 damage)
             ... on level 1 of the Dungeon.
             The game lasted 00:01:10 (94 turns).

freelancePsychic the Magician (Meteoran Hedge Wizard) Turns: 94, Time: 00:01:10

Health: 0/22       AC:  2    Str: 11    XL:     2   Next: 5%
Magic:  5/8        EV: 12    Int: 15    God:    Qazlal [*.....]
Gold:   2          SH:  1    Dex: 13    Spells: 8/9 levels left

rFire   + . .      SeeInvis .   a - +0 dagger
rCold   + . .      Faith    .   (no shield)
rNeg    . . .      Spirit   .   b - +0 robe
rPois   +          Reflect  .   c - +0 hat
rElec   +          Harm     .   (no cloak)
rCorr   +          Rampage  .   (no gloves)
Will    .....                   (no boots)
Stlth   +.........              (no amulet)
HPRegen 0.07/turn               e - ring of poison resistance
MPRegen 0.11/turn               (no ring)

@: resistant, glowing
A: sense surroundings 1, otherworldly, glowing, explore regen
a: Renounce Religion


You were on level 1 of the Dungeon.
You worshipped Qazlal.
Qazlal was aware of your devotion.
You visited 1 branch of the dungeon, and saw 1 of its levels.

You collected 2 gold pieces.

Inventory:

Hand Weapons
 a - a +0 dagger (weapon)
Missiles
 f - 2 poisoned darts
Armour
 b - a +0 robe (worn)
 c - a +0 hat (worn)
Jewellery
 e - a ring of poison resistance (left hand)
Potions
 d - a potion of magic


   Skills:
 + Level 0.6 Fighting
 - Level 0.3 Short Blades
 - Level 2.4 Dodging
 - Level 1.4 Stealth
 - Level 4.0 Spellcasting
 - Level 1.3 Conjurations
 - Level 1.2 Summonings
 - Level 1.2 Translocations
 - Level 0.2 Air Magic
 - Level 0.2 Poison Magic
 + Level 0.3 Invocations


You had 8 spell levels left.
You knew the following spells:

 Your Spells              Type           Power      Damage    Failure   Level
a - Magic Dart            Conj           28%        1d4       11%         1

Your spell library contained the following spells:

 Spells                   Type           Power      Damage    Failure   Level
 Blink                    Tloc           12%        N/A       17%         2
 Call Imp                 Summ           6%         N/A       17%         2
 Slow                     Hex            12%        N/A       19%         1
 Conjure Flame            Conj/Fire      5%         6-21      38%         3
 Mephitic Cloud           Conj/Pois/Air  4%         N/A       38%         3


Dungeon Overview and Level Annotations

Branches:
Dungeon (1/15) Zot: 504

Altars:
Qazlal


Innate Abilities, Weirdness & Mutations

You passively map a small area around you.
You are easily found by Zot.
You glow in the dark.
You regain HP and MP as you explore.


Message History

The hobgoblin is almost dead.
The quokka bites you. The rat bites you. The hobgoblin hits you.
You hit the rat but do no damage. The quokka misses you.
The rat bites you but does no damage. The rat closely misses you.
The hobgoblin barely misses you. The quokka attacks as you move away!
The quokka bites you but does no damage.
The rat bites you but does no damage. The quokka attacks as you move away!
The quokka barely misses you. The rat attacks as you move away!
The rat closely misses you. The rat attacks as you move away!
The rat bites you. The quokka bites you.
You hit the quokka.
The quokka is moderately wounded.
The quokka bites you.
You aren't carrying any scrolls.
It was a potion of resistance.
You feel protected. The quokka completely misses you.
Aiming: Magic Dart (safe; 11% risk of failure)
Press: ? - help, Q - select action, (/) - cycle Shift-Dir - straight line, f - quokka
Aim: a quokka (moderately wounded, 100% to hit)
The magic dart hits the quokka but does no damage.
The quokka is moderately wounded.
The quokka bites you.
* * * LOW HITPOINT WARNING * * *
Aiming: Magic Dart (safe; 11% risk of failure)
Press: ? - help, Q - select action, (/) - cycle Shift-Dir - straight line, f/p - quokka
Aim: a quokka (moderately wounded, 100% to hit)
The magic dart hits the quokka.
The quokka is heavily wounded.
The quokka closely misses you.
Aiming: Magic Dart (safe; 11% risk of failure)
Press: ? - help, Q - select action, (/) - cycle Shift-Dir - straight line, f/p - quokka
Aim: a quokka (heavily wounded, 100% to hit)
The magic dart hits the quokka.
The quokka is severely wounded.
The quokka bites you.
* * * LOW HITPOINT WARNING * * *
The quokka bites you.
You die...

, #≈≈≈§§≈≈#......... ,
+.≈≈≈§≈.'...#####.#( ,
#≈.....≈#........... *
*,#≈≈.<.≈≈#.#..#########
* *
#≈.§...≈#.#...†......#
+§§≈§≈≈.+.#..###.....# *
*,#§≈≈§≈§§#.#..#...~~~.#
####§####.#>.#..)~_~.#,
*
#...........r#@..~~~.#,
#.#.#.###...rr.......# *
#.#†# ###.##.#.#.#.#
#............#.#.#.#.#
#.#(#..#####.#.#.#.#.# *
.....[. , .#.#.#.# # ...
#.##K .#.#.#.# ..... ..#
.. ,.....#.# * ##.# ##.
.. .#### .# * *


You could see a quokka and a rat.

Vanquished Creatures
  An endoplasm (D:1)
  A goblin (D:1)
  A hobgoblin (D:1)
  2 rats (D:1)
5 creatures vanquished.

Notes
Turn   | Place    | Note
-------+----------+-------------------------------------------
     0 | D:1      | freelancePsychic the Meteoran Hedge Wizard began the quest
                  | for the Orb.
     0 | D:1      | Reached XP level 1. HP: 14/14 MP: 6/6
    28 | D:1      | Found a faded altar of an unknown god.
    47 | D:1      | Prayed at the altar of an unknown god.
    47 | D:1      | Became a worshipper of Qazlal Stormbringer
    47 | D:1      | Reached * piety under Qazlal
    76 | D:1      | Reached XP level 2. HP: 22/22 MP: 8/8
    94 | D:1      | HP: 1/22 [quokka (4)]
    94 | D:1      | Slain by a quokka

Illustrated notes

Levels and vault maps discovered:
D:1:      ncdulo_lavacross, layout_basic,
          hellmonk_ecumenical_altar_pennies_from_heaven

Action                   || total
-------------------------++-------
Melee: Dagger            ||    30
       Punch             ||     1
 Cast: Magic Dart        ||     5
  Use: Potion            ||     1
Armor: Robe              ||    10
Dodge: Dodged            ||    21
Block: Other             ||     1
